[Event "Titled Tuesday Blitz April 19 Early 2022"]
[White "Dauner, Benedikt"]
[Black "Baker, Chris W"]
[WhiteFideId "16225899"]
[BlackFideId "401676"]
[WhiteElo "2230"]
[BlackElo "2227"]
[Result "1-0"]
[Round "10"]
[TimeControl "180+1"]
[Date "2022.04.19"]
[WhiteClock "0:01:24"]
[BlackClock "0:01:20"]

1. a3 e5 2. b4 d6 3. Bb2 Nf6 4. d4 exd4 5. Qxd4 Nc6 6. Qd2 Be7 7. Nc3 O-O 8. e4 Re8 9. O-O-O a5 10. b5 Ne5 11. f4 Ng6 12. h4 Ng4 13. h5 Nxf4 14. Kb1 Bg5 15. Nf3 Bh6 16. Bc4 Be6 17. Bxe6 Rxe6 18. Nd4 Re5 19. Nf5 Rxf5 20. exf5 Qf6 21. Nd5 Qg5 22. Nxc7 Rc8 23. Qxd6 Nf2 24. f6 Nxh1 25. Qd8+ 1-0


[Site "https://www.chess.com"]

[Event "Titled Tuesday Blitz April 19 Early 2022"]
[White "De Arruda, Leandro Formes"]
[Black "Harish, Neeraj"]
[WhiteFideId "22722009"]
[BlackFideId "30958130"]
[WhiteElo "1852"]
[BlackElo "1574"]
[Result "1-0"]
[Round "10"]
[TimeControl "180+1"]
[Date "2022.04.19"]
[WhiteClock "0:00:33"]
[BlackClock "0:00:05"]

1. d4 Nf6 2. Nf3 g6 3. g3 Bg7 4. Bg2 O-O 5. O-O d5 6. Nc3 Bf5 7. Nh4 Be6 8. Bg5 h6 9. Be3 g5 10. Nf3 Ne4 11. Ne5 Nd7 12. Nxd7 Qxd7 13. Nxe4 dxe4 14. Bxe4 f5 15. Bg2 c6 16. f4 g4 17. c3 Bd5 18. Qe1 Bxg2 19. Kxg2 Qd5+ 20. Kg1 h5 21. Qf2 Bf6 22. Qg2 Qxg2+ 23. Kxg2 Kf7 24. Rae1 Rfd8 25. Bf2 c5 26. e3 Rac8 27. Rd1 e6 28. Rfe1 b5 29. Re2 a5 30. Red2 b4 31. Kf1 bxc3 32. bxc3 cxd4 33. cxd4 Rc4 34. Ke2 Rdc8 35. d5 exd5 36. Rxd5 Rc2+ 37. R5d2 Rxd2+ 38. Rxd2 Ke6 39. Kd3 Rd8+ 40. Ke2 Rxd2+ 41. Kxd2 Kd5 42. Kd3 Bg7 43. Be1 a4 44. Bb4 Bf6 45. Bf8 Bd8 46. Bb4 h4 47. Bc3 hxg3 48. hxg3 Bb6 49. Bd4 Ba5 50. Ke2 Ke4 51. Bc5 Bc3 52. Bb6 Bb4 53. Ba7 Bd6 54. Bd4 Be7 55. Bb6 Bd6 56. Kf2 Ba3 57. Ke2 Bc1 58. Ba7 Bb2 59. Bc5 Ba3 60. Bxa3 Kd5 61. Kd3 Ke6 62. e4 fxe4+ 63. Kxe4 Kf6 64. f5 Kg5 1-0


[Site "https://www.chess.com"]

[Event "Titled Tuesday Blitz April 19 Early 2022"]
[White "De Souza, Cristiano Gomes"]
[Black "Silva Lucena, Cristian"]
[WhiteFideId "2151758"]
[BlackFideId "2232588"]
[WhiteElo "2068"]
[BlackElo "2223"]
[Result "1-0"]
[Round "10"]
[TimeControl "180+1"]
[Date "2022.04.19"]
[WhiteClock "0:00:08"]
[BlackClock "0:00:14"]

1. d4 Nf6 2. c4 e6 3. Nf3 d5 4. Nc3 Be7 5. Bg5 Nbd7 6. e3 h6 7. Bh4 O-O 8. Rc1 c5 9. cxd5 Nxd5 10. Nxd5 Bxh4 11. Nxh4 exd5 12. Nf5 Nf6 13. Ng3 cxd4 14. Qxd4 Qa5+ 15. b4 Qxa2 16. Ra1 Qb3 17. Bd3 Be6 18. O-O Rfc8 19. Rfc1 Rxc1+ 20. Rxc1 a6 21. h3 Qa4 22. Rc7 Rc8 23. Rxb7 Qd1+ 24. Kh2 Rc1 25. Rb8+ Bc8 26. Nf1 Qh5 27. Bxa6 Qf5 28. Ng3 Qe6 29. Qa7 Kh7 30. Bxc8 Rxc8 31. Rxc8 Qxc8 32. Qxf7 h5 33. Nxh5 Nxh5 34. Qxh5+ Kg8 35. Qxd5+ Kh8 36. Qc5 Qb8+ 37. f4 Qd8 38. b5 Qd2 39. Qe5 Qe2 40. b6 Qe1 41. b7 Qb4 42. b8=Q+ 1-0


[Site "https://www.chess.com"]

[Event "Titled Tuesday Blitz April 19 Early 2022"]
[White "Demchenko, Anton"]
[Black "Mitrabha, Guha"]
[WhiteFideId "4160258"]
[BlackFideId "5057000"]
[WhiteElo "2539"]
[BlackElo "2468"]
[Result "0-1"]
[Round "10"]
[TimeControl "180+1"]
[Date "2022.04.19"]
[WhiteClock "0:00:10"]
[BlackClock "0:00:14"]

1. e4 c6 2. d4 d5 3. e5 Bf5 4. Bd3 Bxd3 5. Qxd3 e6 6. c3 Nd7 7. Ne2 c5 8. O-O Ne7 9. Nd2 Qb6 10. Nf3 Nc6 11. Ng3 Rc8 12. a3 Qa6 13. Qd1 Na5 14. b4 Nc4 15. bxc5 b6 16. cxb6 Ndxb6 17. a4 Qa5 18. Qb3 Be7 19. Nh5 O-O 20. h4 h6 21. Qc2 Rc7 22. Qd3 Rfc8 23. Nh2 Kh8 24. Ng4 Nxa4 25. Bxh6 g6 26. Nf4 Rg8 27. Bg5 Ncb2 28. Qh3 Qxc3 29. g3 Kg7 30. Bf6+ Kf8 31. Nh6 Bxf6 32. Nxg8 Bg7 33. Nf6 Qxd4 34. Nxe6+ fxe6 35. Qxe6 Bxf6 36. Qxf6+ Rf7 37. Qh8+ Ke7 38. Ra3 Nc3 39. Rxc3 Qxc3 40. Ra1 Qd4 41. Rf1 Nd3 42. Qb8 Nxf2 43. Qd6+ Ke8 44. Qb8+ Kd7 45. Qb7+ Ke6 46. Qc6+ Kxe5 47. Qe8+ Kd6 48. Qxf7 Ne4+ 49. Kg2 Qc4 50. Rf3 Qc1 51. Kh3 Qh1+ 52. Kg4 Qd1 53. Qf4+ Kc5 54. Qe5 Nf2+ 55. Kf4 Nd3+ 56. Rxd3 Qxd3 57. Qc7+ Kb5 58. Qxa7 Qe4+ 59. Kg5 d4 60. Qb8+ Kc4 61. Qc7+ Kd3 62. Qd6 Ke3 63. Qxg6 Qxg6+ 64. Kxg6 d3 65. h5 d2 66. h6 d1=Q 67. h7 Qd4 68. g4 Qh8 69. g5 Kf4 70. Kh6 Kf5 71. g6 Kf6 72. Kh5 Kg7 73. Kg5 Qf8 0-1


[Site "https://www.chess.com"]

[Event "Titled Tuesday Blitz April 19 Early 2022"]
[White "Demin, Vladimir"]
[Black "Krylov, Ivan"]
[WhiteFideId "4167457"]
[BlackFideId "24128066"]
[WhiteElo "2383"]
[BlackElo "2258"]
[Result "1-0"]
[Round "10"]
[TimeControl "180+1"]
[Date "2022.04.19"]
[WhiteClock "0:01:06"]
[BlackClock "0:00:51"]

1. d4 d5 2. Nc3 Nf6 3. Bf4 c5 4. e3 cxd4 5. exd4 a6 6. Bd3 Nc6 7. Nge2 Bg4 8. f3 Bh5 9. Qd2 e6 10. a3 Bg6 11. g4 Bxd3 12. Qxd3 h6 13. h4 Bd6 14. Be3 Rc8 15. O-O-O b5 16. g5 hxg5 17. hxg5 Rxh1 18. Rxh1 Nd7 19. Qh7 Bf8 20. g6 Qe7 21. Nf4 Nf6 22. Qh8 Kd7 23. Nd3 fxg6 24. Bg5 Qf7 25. Qh3 Nxd4 26. Ne5+ Ke7 27. Nxf7 Kxf7 28. Re1 Bc5 29. Be3 Rd8 30. Bxd4 Bxd4 31. Qxe6+ Kf8 32. Qe7+ Kg8 33. Qxd8+ Ne8 34. Rxe8+ Kh7 35. Rh8# 1-0


[Site "https://www.chess.com"]

[Event "Titled Tuesday Blitz April 19 Early 2022"]
[White "Devaev, Alexander"]
[Black "Lehtosaari, Mauri"]
[WhiteFideId "4169395"]
[BlackFideId "501999"]
[WhiteElo "2185"]
[BlackElo "2522"]
[Result "1-0"]
[Round "10"]
[TimeControl "180+1"]
[Date "2022.04.19"]
[WhiteClock "0:00:43"]
[BlackClock "0:00:21"]

1. Nf3 d5 2. c4 c6 3. e3 Nf6 4. b3 Bg4 5. Bb2 e6 6. d4 Nbd7 7. Nbd2 Bd6 8. Bd3 O-O 9. Qc2 Bh5 10. Ne5 Bb4 11. O-O Bg6 12. Nxg6 hxg6 13. Nf3 Nh5 14. Ne5 Bd6 15. f4 Qe7 16. c5 Bc7 17. b4 Rfd8 18. g4 Nhf6 19. g5 Nh7 20. Nxf7 Ndf8 21. Ne5 Bxe5 22. dxe5 Rac8 23. h4 Qf7 24. Bd4 Rb8 25. h5 gxh5 26. g6 Qe7 27. gxh7+ Kh8 28. Qh2 g6 29. Kh1 Qxh7 30. Rg1 Rd7 31. Rg5 Rg7 32. Rag1 Re8 33. Bxg6 Nxg6 34. Rxh5 Kg8 35. Rxh7 Rxh7 36. Rxg6+ Kh8 37. Rh6 Re7 38. f5 Rxh6 39. Qxh6+ Rh7 40. Qxh7+ Kxh7 41. f6 Kg6 42. Kg2 Kf7 43. Kf3 a6 44. a4 Kg6 45. Kg4 Kf7 46. Kg5 Kg8 47. Kg6 Kf8 48. f7 Ke7 49. Kg7 Kd7 50. f8=Q Kc7 51. Qd6+ 1-0


[Site "https://www.chess.com"]

[Event "Titled Tuesday Blitz April 19 Early 2022"]
[White "Donchenko, Alexander"]
[Black "Yurovskykh, Oleksandr"]
[WhiteFideId "24603295"]
[BlackFideId "14134020"]
[WhiteElo "2539"]
[BlackElo "2292"]
[Result "1-0"]
[Round "10"]
[TimeControl "180+1"]
[Date "2022.04.19"]
[WhiteClock "0:01:26"]
[BlackClock "0:00:06"]

1. e4 d5 2. exd5 Qxd5 3. Nc3 Qd8 4. g3 Nf6 5. Bg2 c6 6. Nge2 Bf5 7. O-O e6 8. b3 Nbd7 9. Bb2 Bd6 10. d3 O-O 11. Ne4 Be7 12. Qd2 h6 13. a4 Qc7 14. a5 a6 15. Rfd1 Rad8 16. Qf4 Qxf4 17. Nxf4 Nxe4 18. dxe4 Bh7 19. Nd3 Nc5 20. Ba3 Rxd3 21. cxd3 Re8 22. Rab1 e5 23. Bh3 Kf8 24. Kf1 f6 25. Ke2 Bg8 26. Rdc1 Nxb3 27. Bxe7+ Rxe7 28. Rc3 Nd4+ 29. Ke3 Nb5 30. Rc5 Re8 31. f4 exf4+ 32. gxf4 Rd8 33. Rb4 g5 34. e5 Ke7 35. exf6+ Kxf6 36. fxg5+ hxg5 37. Rf5+ Kg6 38. Rg4 Rxd3+ 39. Kxd3 Kxf5 40. Rd4+ Ke5 41. Rd7 Nd6 42. Rg7 Bc4+ 43. Kc3 Kf6 44. Rd7 Ke5 45. Rxd6 Kxd6 46. Kxc4 c5 47. Bg2 Kc7 48. Kxc5 g4 49. Be4 b6+ 50. axb6+ Kb8 51. Kb4 a5+ 52. Kxa5 Kc8 53. Ka6 Kb8 54. b7 g3 55. hxg3 Kc7 56. Ka7 1-0


[Site "https://www.chess.com"]

[Event "Titled Tuesday Blitz April 19 Early 2022"]
[White "Dorokhin, Mykhailo"]
[Black "Skliarov, Viktor"]
[WhiteFideId "14114178"]
[BlackFideId "14106736"]
[WhiteElo "2280"]
[BlackElo "2229"]
[Result "1-0"]
[Round "10"]
[TimeControl "180+1"]
[Date "2022.04.19"]
[WhiteClock "0:00:02"]
[BlackClock "0:00:01"]

1. d4 Nf6 2. Nf3 g6 3. Bf4 Bg7 4. e3 O-O 5. Be2 d6 6. h3 c5 7. c3 Qb6 8. Qc1 Nc6 9. O-O Bf5 10. Na3 cxd4 11. exd4 Rfc8 12. Nc4 Qd8 13. Bh6 Rab8 14. Bxg7 Kxg7 15. a4 Nd5 16. Ne3 Nxe3 17. Qxe3 Na5 18. d5 a6 19. Nd4 Bd7 20. h4 Nc4 21. Bxc4 Rxc4 22. Rfe1 Rxa4 23. Rxa4 Bxa4 24. h5 Be8 25. Qxe7 Qxe7 26. Rxe7 Kf6 27. Rc7 b5 28. hxg6 hxg6 29. Ra7 Rb6 30. f4 g5 31. g3 gxf4 32. gxf4 Kg6 33. Kf2 f6 34. Re7 Rb8 35. Kf3 Bf7 36. f5+ Kg7 37. Ne6+ Kg8 38. Rd7 Rb6 39. Nd8 Bxd5+ 40. Ke3 a5 41. Kd4 Bb3 42. Nb7 a4 43. Rxd6 Rxb7 44. Rxf6 b4 45. c4 a3 46. bxa3 bxa3 47. Ra6 a2 48. Kc3 Kf7 49. f6 Kg6 50. c5 Bd5 51. Kd4 Bc6 52. Ke5 1-0


[Site "https://www.chess.com"]

[Event "Titled Tuesday Blitz April 19 Early 2022"]
[White "Fernandez Hernandez, Gerardo"]
[Black "Murthy, Pappu"]
[WhiteFideId "2207400"]
[BlackFideId "2013401"]
[WhiteElo "2113"]
[BlackElo "1953"]
[Result "0-1"]
[Round "10"]
[TimeControl "180+1"]
[Date "2022.04.19"]
[WhiteClock "0:00:02"]
[BlackClock "0:00:24"]

1. e4 e6 2. d3 d5 3. Qe2 dxe4 4. dxe4 Nc6 5. Nf3 Nf6 6. c3 Bc5 7. h3 e5 8. b4 Bb6 9. a4 a6 10. Qc2 Qe7 11. Bc4 h6 12. O-O O-O 13. Nbd2 Rd8 14. Nb3 Nh5 15. Bd5 Nf4 16. Bxf4 exf4 17. Rfe1 Ne5 18. Nbd4 c6 19. Bb3 Bc7 20. a5 Qf6 21. Qa2 Rf8 22. Rad1 Qg6 23. Qc2 Bxh3 24. Nh4 Qg4 25. Kh2 Qxh4 26. gxh3 f3 27. Nf5 Ng4+ 28. Kg1 Qxh3 29. Ng3 Bxg3 30. fxg3 Qxg3+ 31. Kh1 Nf2+ 32. Qxf2 Qxf2 33. Rg1 Qh4# 0-1


[Site "https://www.chess.com"]

[Event "Titled Tuesday Blitz April 19 Early 2022"]
[White "Fernandez Siles, Luis"]
[Black "Kostiukov, Alexandr"]
[WhiteFideId "2209420"]
[BlackFideId "14108100"]
[WhiteElo "2212"]
[BlackElo "2202"]
[Result "1-0"]
[Round "10"]
[TimeControl "180+1"]
[Date "2022.04.19"]
[WhiteClock "0:00:52"]
[BlackClock "0:00:03"]

1. d4 g6 2. c4 Bg7 3. Nf3 d6 4. Nc3 e5 5. g3 exd4 6. Nxd4 Nc6 7. Nxc6 bxc6 8. Bg2 Ne7 9. Bg5 Bd7 10. Ne4 O-O 11. Nf6+ Kh8 12. Qd2 Rb8 13. h4 h5 14. O-O Be6 15. b3 Qc8 16. Nxh5 gxh5 17. Bxe7 Re8 18. Bf6 Bxf6 19. Qh6+ Kg8 20. Qxf6 Qd8 21. Qh6 c5 22. Be4 f5 23. Qg6+ Kf8 24. Bxf5 Bf7 25. Qh6+ Kg8 26. Bh7+ 1-0


[Site "https://www.chess.com"]

[Event "Titled Tuesday Blitz April 19 Early 2022"]
[White "Friedel, Tom"]
[Black "Kahlert, Thomas"]
[WhiteFideId "2002108"]
[BlackFideId "4625242"]
[WhiteElo "2301"]
[BlackElo "2228"]
[Result "1-0"]
[Round "10"]
[TimeControl "180+1"]
[Date "2022.04.19"]
[WhiteClock "0:02:08"]
[BlackClock "0:02:07"]

1. e4 e5 2. Nf3 Nc6 3. Bc4 Be7 4. O-O Nf6 5. Nc3 O-O 6. d4 exd4 7. Nxd4 d6 8. Nxc6 bxc6 9. Bf4 Be6 10. Qd3 Bxc4 11. Qxc4 c5 12. Rad1 Qc8 13. e5 dxe5 14. Bxe5 Rb8 15. b3 Rb4 16. Qe2 Ng4 17. Nd5 1-0


[Site "https://www.chess.com"]

[Event "Titled Tuesday Blitz April 19 Early 2022"]
[White "Gharibyan, Mamikon"]
[Black "Tasev, Dejan"]
[WhiteFideId "13308300"]
[BlackFideId "936618"]
[WhiteElo "2254"]
[BlackElo "2253"]
[Result "1-0"]
[Round "10"]
[TimeControl "180+1"]
[Date "2022.04.19"]
[WhiteClock "0:00:05"]
[BlackClock "0:00:27"]

1. e4 e5 2. Nf3 Nc6 3. Bb5 a6 4. Ba4 b5 5. Bb3 Nf6 6. d4 exd4 7. e5 Ne4 8. O-O Nc5 9. Bd5 Ne6 10. Nbd2 Bc5 11. Ne4 Be7 12. Ng3 O-O 13. Nf5 Bc5 14. Re1 Rb8 15. Re4 Ne7 16. Nxe7+ Bxe7 17. Rg4 g6 18. Bh6 Re8 19. Nxd4 Bb7 20. Bb3 c5 21. Bxe6 dxe6 22. Ne2 Qxd1+ 23. Rxd1 Red8 24. Re1 c4 25. Ng3 Rd7 26. h4 Rbd8 27. Kh2 Rd1 28. Re3 Rb1 29. b3 cxb3 30. axb3 Rdd1 31. Rc3 Rd7 32. Bg5 Bxg5 33. hxg5 Kg7 34. Rf4 a5 35. Rc5 a4 36. Rxb5 axb3 37. Rxb3 Rxb3 38. cxb3 Rd2 39. b4 Bd5 40. Nf1 Rb2 41. Ne3 Bb7 42. Ng4 Rb1 43. Nh6 f5 44. exf6+ Kf8 45. Kg3 Bd5 46. Ng4 Rb3+ 47. f3 Rb2 48. Ne5 Rb1 49. f7 1-0


[Site "https://www.chess.com"]

[Event "Titled Tuesday Blitz April 19 Early 2022"]
[White "Golubeva, Oksana"]
[Black "Ianov, Viktor"]
[WhiteFideId "4170164"]
[BlackFideId "14102730"]
[WhiteElo "2162"]
[BlackElo "2161"]
[Result "0-1"]
[Round "10"]
[TimeControl "180+1"]
[Date "2022.04.19"]
[WhiteClock "0:00:09"]
[BlackClock "0:00:55"]

1. Nf3 d6 2. d4 g6 3. e3 Bg7 4. b3 Nf6 5. Bb2 O-O 6. Nbd2 c5 7. Bc4 cxd4 8. Nxd4 Nc6 9. O-O Bd7 10. a4 d5 11. Be2 Rc8 12. Nxc6 Bxc6 13. Nf3 a6 14. Be5 Qb6 15. Qd4 Qxd4 16. Nxd4 Ne4 17. Bxg7 Kxg7 18. Bd3 Nc3 19. f4 e6 20. g4 Rfe8 21. Nf3 f6 22. g5 fxg5 23. Nxg5 Re7 24. Nf3 Be8 25. Ne5 a5 26. h4 Rec7 27. Rf2 b6 28. Kh2 Re7 29. Rg1 b5 30. axb5 Bxb5 31. Bxg6 hxg6 32. Rxg6+ Kh7 33. Rfg2 Ne4 34. h5 Be8 35. Rg8 Rxc2 36. Rxc2 Kxg8 37. Ra2 Ra7 38. Rg2+ Kh7 39. Ng6 Bxg6 40. Rxg6 Re7 41. Kh3 Nc5 42. Kg4 Nxb3 43. f5 exf5+ 44. Kxf5 Ra7 45. Ke5 a4 46. Rg2 a3 47. Ra2 Nc1 48. Ra1 a2 49. Rxc1 a1=Q+ 50. Rxa1 Rxa1 51. Kxd5 Ra5+ 52. Ke6 Rxh5 53. e4 Kg8 54. e5 Kf8 55. Kf6 Ke8 56. Ke6 Rh6+ 57. Kd5 Ke7 0-1


[Site "https://www.chess.com"]

[Event "Titled Tuesday Blitz April 19 Early 2022"]
[White "Gracia Alvarez, Gerardo Antonio"]
[Black "Chernobay, Artem"]
[WhiteFideId "5109124"]
[BlackFideId "4167406"]
[WhiteElo "2139"]
[BlackElo "2473"]
[Result "0-1"]
[Round "10"]
[TimeControl "180+1"]
[Date "2022.04.19"]
[WhiteClock "0:01:58"]
[BlackClock "0:02:08"]

1. e4 e5 2. Bc4 Nf6 3. d3 Bc5 4. f4 d5 5. exd5 O-O 6. fxe5 Ng4 7. d4 Nxe5 8. dxe5 Qh4+ 9. g3 Qe4+ 10. Ne2 Qxh1+ 11. Kd2 Qxh2 12. Nc3 Nd7 13. Ne4 Nxe5 0-1


[Site "https://www.chess.com"]

[Event "Titled Tuesday Blitz April 19 Early 2022"]
[White "Dronavalli, Harika"]
[Black "Derraugh, Geordie"]
[WhiteFideId "5015197"]
[BlackFideId "2603950"]
[WhiteElo "2382"]
[BlackElo "2116"]
[Result "1-0"]
[Round "10"]
[TimeControl "180+1"]
[Date "2022.04.19"]
[WhiteClock "0:00:31"]
[BlackClock "0:00:24"]

1. d4 Nf6 2. c4 g6 3. g3 c6 4. Bg2 d5 5. Nf3 Bg7 6. O-O dxc4 7. Ne5 O-O 8. Nxc4 Nd5 9. Nc3 Nb6 10. Ne5 Be6 11. f4 f6 12. Nf3 a5 13. e4 Bc4 14. Rf2 e5 15. dxe5 fxe5 16. Qxd8 Rxd8 17. Nxe5 Bxe5 18. fxe5 N8d7 19. b3 Bf7 20. Be3 Nc8 21. Bf4 Nc5 22. Raf1 Be6 23. Bg5 Re8 24. Rd2 a4 25. b4 Nd7 26. Bf6 Ncb6 27. Rfd1 a3 28. h3 Kf7 29. g4 Nxf6 30. Rf2 Nd7 31. exf6 Ne5 32. g5 Nc4 33. Bf1 Rad8 34. Bxc4 Rd4 35. Rxd4 1-0


[Site "https://www.chess.com"]

[Event "Titled Tuesday Blitz April 19 Early 2022"]
[White "Horcajuelo Rocamora, Martin"]
[Black "Atakhan, Abtin"]
[WhiteFideId "24573027"]
[BlackFideId "22502203"]
[WhiteElo "1822"]
[BlackElo "2094"]
[Result "0-1"]
[Round "10"]
[TimeControl "180+1"]
[Date "2022.04.19"]
[WhiteClock "0:01:30"]
[BlackClock "0:01:39"]

1. e4 c5 2. Nf3 Nc6 3. d4 cxd4 4. Nxd4 g6 5. c4 Bg7 6. Be3 Nf6 7. Nc3 d6 8. Be2 O-O 9. O-O Bd7 10. Qd2 Nxd4 11. Bxd4 Bc6 12. f3 a5 13. b3 Nd7 14. Be3 Nc5 15. Rac1 Qb6 16. Rfd1 Rfc8 17. Kh1 Qb4 18. Nd5 Bxd5 19. exd5 Qxd2 20. Bxd2 Bb2 21. Rb1 Ba3 22. f4 Ne4 23. Be1 Bc5 24. Bf3 Nf2+ 25. Bxf2 Bxf2 26. g3 b6 27. Kg2 Bc5 28. Re1 Kf8 29. Bg4 Rc7 30. Re4 Bb4 31. Re2 a4 32. Bf3 axb3 33. Rxb3 Rxc4 34. Reb2 Bc5 35. Be2 Rca4 36. Bb5 Rxa2 37. Bc6 R8a3 38. Kh3 h5 39. Rxa3 Rxb2 40. Ra8+ Kg7 41. Ra7 Bg1 42. g4 Bxh2 43. gxh5 gxh5 44. Rxe7 Bxf4 0-1


[Site "https://www.chess.com"]

[Event "Titled Tuesday Blitz April 19 Early 2022"]
[White "Hua, Lefong"]
[Black "Pacheco Lugo, Alejandro Jose"]
[WhiteFideId "2602253"]
[BlackFideId "3903745"]
[WhiteElo "2599"]
[BlackElo "2146"]
[Result "1/2-1/2"]
[Round "10"]
[TimeControl "180+1"]
[Date "2022.04.19"]
[WhiteClock "0:01:03"]
[BlackClock "0:00:27"]

1. d4 Nf6 2. c4 e6 3. Nc3 Bb4 4. f3 c5 5. d5 b5 6. e4 bxc4 7. Bxc4 Ba6 8. Bxa6 Nxa6 9. Ne2 O-O 10. O-O c4 11. Be3 Bc5 12. Bxc5 Nxc5 13. Qd4 Rc8 14. Rad1 exd5 15. Nxd5 Nxd5 16. Qxd5 Qb6 17. Qd4 Rfd8 18. Rd2 Nd3 19. Qxb6 axb6 20. Nc1 d5 21. exd5 Rxd5 22. Rfd1 Rcd8 23. b3 b5 24. bxc4 bxc4 25. Nxd3 cxd3 26. Kf2 f5 27. f4 Kf7 28. Ke3 Re8+ 29. Kf3 Red8 30. Rb1 R8d7 31. Rb3 h6 32. h4 Kg6 33. g3 Kh5 34. Ra3 g5 35. hxg5 hxg5 36. fxg5 Kxg5 37. Rb3 R7d6 38. a4 Ra6 39. Ra3 Rd4 40. Rdxd3 Rxd3+ 41. Rxd3 Rxa4 42. Rd8 Ra3+ 43. Kf2 Ra2+ 44. Kf3 Ra3+ 45. Kf2 Ra2+ 46. Kf3 Ra3+ 1/2-1/2


[Site "https://www.chess.com"]

[Event "Titled Tuesday Blitz April 19 Early 2022"]
[White "Ibarra Jerez, Jose Carlos"]
[Black "Salem, A.R. Saleh"]
[WhiteFideId "2226332"]
[BlackFideId "9301348"]
[WhiteElo "2626"]
[BlackElo "2657"]
[Result "0-1"]
[Round "10"]
[TimeControl "180+1"]
[Date "2022.04.19"]
[WhiteClock "0:00:05"]
[BlackClock "0:00:03"]

1. Nf3 Nf6 2. g3 g6 3. b3 d5 4. Bb2 c5 5. Bg2 Bg7 6. O-O O-O 7. c4 d4 8. b4 Re8 9. bxc5 Nc6 10. d3 Nd7 11. Ba3 Qa5 12. Nfd2 Nxc5 13. Nb3 Nxb3 14. Qxb3 h5 15. Qb5 Qc7 16. Nd2 h4 17. Rab1 h3 18. Bh1 a6 19. Qb6 Qe5 20. Rfe1 Bh6 21. Nf3 Qf6 22. Red1 Rb8 23. Nd2 Bg4 24. Ne4 Qf5 25. Re1 Qh5 26. Rb2 Bg7 27. Nc5 Ne5 28. Nxb7 Bxe2 29. Rbxe2 Nf3+ 30. Kf1 Nxh2+ 31. Kg1 Nf3+ 32. Kf1 Nh2+ 33. Kg1 Nf3+ 34. Kf1 h2 35. Re4 Qh3+ 36. Ke2 Nxe1 37. Kxe1 Qd7 38. Re2 Qf5 39. Re4 Rec8 40. c5 Qg5 41. Rf4 Qe5+ 42. Re4 Qf5 43. c6 e6 44. c7 Ra8 45. Nd6 Qg5 46. Nxc8 Rxc8 47. Qb7 Qa5+ 48. Bb4 Qxc7 49. Qxc7 Rxc7 50. Kd2 Rb7 51. Ba3 Bh6+ 52. Kc2 Rc7+ 53. Kb2 Bc1+ 54. Kb3 Rc3+ 55. Kb4 Bxa3+ 56. Ka4 Bc5 57. Rh4 Rc2 58. Rxh2 Rxa2+ 59. Kb3 Ra3+ 60. Kc4 Rc3# 0-1


[Site "https://www.chess.com"]

[Event "Titled Tuesday Blitz April 19 Early 2022"]
[White "Iskusnyh, Sergei"]
[Black "Belenkaya, Dina"]
[WhiteFideId "4120027"]
[BlackFideId "24142654"]
[WhiteElo "2492"]
[BlackElo "2196"]
[Result "0-1"]
[Round "10"]
[TimeControl "180+1"]
[Date "2022.04.19"]
[WhiteClock "0:00:01"]
[BlackClock "0:00:02"]

1. d4 d5 2. c4 dxc4 3. e3 Nf6 4. Bxc4 a6 5. Nf3 b5 6. Bb3 e6 7. Nc3 Nbd7 8. O-O Bb7 9. e4 b4 10. e5 bxc3 11. exf6 Nxf6 12. bxc3 Bd6 13. Ba4+ c6 14. Rb1 Qc7 15. Ne5 O-O 16. Qf3 Rab8 17. Bg5 c5 18. Qh3 Bxe5 19. dxe5 Qxe5 20. Bh4 Ne4 21. Bc2 f5 22. Bxe4 Qxe4 23. f3 Qe3+ 24. Bf2 Qxc3 25. Rbc1 Qb2 26. Rxc5 Qxa2 27. Rc7 Bd5 28. Qg3 Qb2 29. Rd1 f4 30. Qg5 h6 31. Qe7 Qf6 32. Qxf6 gxf6 33. Bc5 Rfc8 34. Bd6 Rxc7 35. Bxc7 Rb7 36. Bxf4 h5 37. Ra1 Ra7 38. Be3 Ra8 39. Ra5 Kf7 40. Kf2 Ke7 41. Kg3 Kd6 42. Kh4 Bc6 43. Kxh5 Bb5 44. Kg6 Rg8+ 45. Kxf6 Rxg2 46. Bf4+ Kd5 47. Ra3 Rg8 48. Kf7 Rg1 49. h4 e5 50. Bg5 Rf1 51. h5 e4 52. h6 exf3 53. h7 Rh1 0-1


[Site "https://www.chess.com"]

[Event "Titled Tuesday Blitz April 19 Early 2022"]
[White "Jaferian, Koosha"]
[Black "Popadic, Dragan"]
[WhiteFideId "12507440"]
[BlackFideId "913650"]
[WhiteElo "2030"]
[BlackElo "2203"]
[Result "1-0"]
[Round "10"]
[TimeControl "180+1"]
[Date "2022.04.19"]
[WhiteClock "0:00:23"]
[BlackClock "0:00:02"]

1. Nf3 Nf6 2. b3 g6 3. Bb2 Bg7 4. g3 O-O 5. Bg2 d6 6. d4 Nbd7 7. O-O c5 8. c4 a6 9. Nc3 Rb8 10. Qd2 cxd4 11. Nxd4 Nc5 12. Rfd1 Ne6 13. Nd5 Nxd5 14. Bxd5 Nxd4 15. Bxd4 Bxd4 16. Qxd4 b6 17. h4 h5 18. Rd3 Qc7 19. Rad1 Qc5 20. Qb2 Bf5 21. Re3 e5 22. Bg2 Rbd8 23. Rd5 Qc7 24. Qd2 Kg7 25. Rc3 Be6 26. Rdd3 Bf5 27. Re3 Rd7 28. Rc1 Rfd8 29. Rd1 a5 30. Bd5 Qc5 31. Rf3 Be6 32. Qg5 Bxd5 33. Rxd5 Qa3 34. Qd2 a4 35. Rfd3 axb3 36. axb3 Qa1+ 37. Kg2 Qa8 38. Kh2 Qc6 39. e4 f6 40. Qd1 Qc7 41. Qa1 Qc6 42. Qa3 Ra8 43. Qb4 Rad8 44. Kg2 Kg8 45. Qd2 Kg7 46. Qb2 Qc7 47. f4 Qc6 48. Qe2 Qa8 49. f5 gxf5 50. exf5 Rc7 51. Qxh5 Rg8 52. Qg6+ Kf8 53. Qxf6+ Rf7 54. Qxd6+ Kg7 55. Qxe5+ Kh7 56. Qe2 Kh8 57. Kh2 Rfg7 58. f6 Rh7 59. Qe5 1-0


[Site "https://www.chess.com"]

[Event "Titled Tuesday Blitz April 19 Early 2022"]
[White "Jakubowski, Krzysztof"]
[Black "Tristan, Leonardo"]
[WhiteFideId "1112848"]
[BlackFideId "113816"]
[WhiteElo "2365"]
[BlackElo "2404"]
[Result "0-1"]
[Round "10"]
[TimeControl "180+1"]
[Date "2022.04.19"]
[WhiteClock "0:00:13"]
[BlackClock "0:00:57"]

1. e4 d5 2. exd5 Qxd5 3. Nc3 Qa5 4. d4 Nf6 5. Bc4 Bg4 6. f3 Bd7 7. Qe2 e6 8. Bd2 Qb6 9. O-O-O Be7 10. d5 exd5 11. Nxd5 Nxd5 12. Bxd5 Nc6 13. Nh3 Nd4 14. Qe5 O-O-O 15. Qxe7 Bxh3 16. Bxb7+ Kxb7 17. gxh3 Qc6 18. Bc3 Nf5 19. Qxf7 Qxf3 20. Rdf1 Qe3+ 21. Kb1 Nd6 22. Qxg7 Rhe8 23. a4 Ne4 24. Ba5 Qc5 25. Re1 Qxa5 0-1


[Site "https://www.chess.com"]

[Event "Titled Tuesday Blitz April 19 Early 2022"]
[White "Jaracz, Pawel"]
[Black "Sjugirov, Sanan"]
[WhiteFideId "1102222"]
[BlackFideId "4189302"]
[WhiteElo "2429"]
[BlackElo "2602"]
[Result "0-1"]
[Round "10"]
[TimeControl "180+1"]
[Date "2022.04.19"]
[WhiteClock "0:00:01"]
[BlackClock "0:00:05"]

1. e4 c6 2. d4 d5 3. e5 Bf5 4. Nd2 e6 5. Nb3 a6 6. Nf3 Nd7 7. Be2 c5 8. O-O Rc8 9. dxc5 Bxc5 10. Nxc5 Nxc5 11. a4 Ne7 12. Nd4 Bg6 13. h3 O-O 14. Bf4 Qb6 15. Qc1 Nc6 16. Be3 Nxe5 17. f4 Nc4 18. Bxc4 dxc4 19. f5 exf5 20. Nxf5 Qe6 21. Bxc5 Rxc5 22. Nd4 Qe7 23. c3 Re5 24. Qf4 Re8 25. Kh2 h6 26. Rf3 Re4 27. Qg3 h5 28. Raf1 h4 29. Qf2 b5 30. axb5 axb5 31. Rf4 b4 32. Nc6 Qd6 33. Nxb4 Re2 34. Qxh4 Rxb2 35. Qg3 Ree2 36. R1f2 Qe5 37. Nc6 Qd6 38. Nd4 Rxf2 39. Rxf2 Qxg3+ 40. Kxg3 Rb1 41. Ra2 Rc1 42. Ra3 Bd3 43. Kf4 f6 44. g4 Rf1+ 45. Kg3 Kf7 46. h4 Rg1+ 47. Kf4 Rf1+ 48. Ke3 g5 49. Ra7+ Ke8 50. h5 Rf4 51. h6 Rxg4 52. Ne6 Re4+ 53. Kf3 Rxe6 54. h7 Bxh7 55. Rxh7 Re5 56. Rc7 Rf5+ 57. Ke4 Rf4+ 58. Kd5 g4 59. Ke6 Kf8 60. Rc5 Kg7 0-1


[Site "https://www.chess.com"]